 Dungeon Crawl Stone Soup version 0.21.1-1-g345015fe64 (webtiles) character file.

28 Peloso the Covered (level 3, 0/33 HPs)
             Began as a Minotaur Fighter on July 1, 2018.
             Slain by a bat (1 damage)
             ... on level 3 of the Dungeon.
             The game lasted 00:01:53 (1393 turns).

Peloso the Covered (Minotaur Fighter)               Turns: 1393, Time: 00:01:54

Health: 0/33       AC:  7    Str: 20    XL:     3   Next: 0%
Magic:  2/2        EV:  7    Int:  5    God:
Gold:   81         SH:  9    Dex: 10    Spells: 2/2 levels left

rFire    . . .     SeeInvis .   a - +0 long sword
rCold    . . .     Gourm    .   c - +0 shield
rNeg     . . .     Faith    .   b - +0 scale mail
rPois    .         Spirit   .   (helmet restricted)
rElec    .         Reflect  .   (no cloak)
rCorr    .         Harm     .   (no gloves)
MR       .....                  (no boots)
Stlth    ..........             (no amulet)
HPRegen  0.11/turn              (no ring)
MPRegen  0.08/turn              (no ring)

@: no status effects
A: retaliatory headbutt, horns 2
a: no special abilities


You were on level 3 of the Dungeon.
You were hungry.

You visited 1 branch of the dungeon, and saw 3 of its levels.

You collected 81 gold pieces.

Inventory:

Hand Weapons
 a - a +0 long sword (weapon)
Armour
 b - a +0 scale mail (worn)
 c - a +0 shield (worn)
Scrolls
 e - a scroll of blinking {unknown}
 h - 3 scrolls of identify {unknown}
 i - 2 scrolls of fog {unknown}
 k - 2 scrolls of teleportation {unknown}
 m - a scroll of fear {unknown}
Potions
 d - a potion of might
 g - 2 potions of resistance {unknown}
 j - a potion of ambrosia {unknown}
 l - 2 potions of haste {unknown}
 n - a potion of berserk rage {unknown}
 o - a potion of agility {unknown}
 p - 2 potions of degeneration {unknown}
 q - a potion of heal wounds {unknown}
 r - a potion of flight {unknown}
 s - a potion of brilliance {unknown}
Comestibles
 f - 4 rations


   Skills:
 + Level 4.0 Fighting
 + Level 3.0 Long Blades
 + Level 4.1 Armour
 + Level 4.0 Shields


You had 2 spell levels left.
You didn't know any spells.

Dungeon Overview and Level Annotations

Branches:
Dungeon (3/15)

Altars:
Ru
The Shining One

Annotations:
D:3 Robin


Innate Abilities, Weirdness & Mutations

You reflexively headbutt those who attack you in melee.
You have a pair of horns on your head.


Message History

The bat hits you but does no damage. You block the goblin's attack.
The goblin hits you.
* * * LOW HITPOINT WARNING * * *
The hobgoblin barely misses you. You furiously retaliate!
You headbutt the hobgoblin.
You kill the hobgoblin!
Your Long Blades skill increases to level 3!
You have reached level 3!
Your experience leads to an increase in your attributes!
Increase (S)trength, (I)ntelligence, or (D)exterity?
You feel agile. The adder bites you but does no damage.
You closely miss the adder.
The adder is almost dead.
The bat hits you but does no damage. The bat closely misses you.
The bat hits you but does no damage. x2; The goblin closely misses you.
The adder bites you.
* * * LOW HITPOINT WARNING * * *
The bat hits you.
You die...

#.# . ... .. ...
.. #g# .# #.# .#
.######g###o#
......g..<..###.
...$.oggb........
###.#g@#######.#
#bS# #..# #..#
[... r#.(. .#.##
. #.


You could see Robin, an orc priest, an adder, an orc, 2 hobgoblins, 3 goblins, 2
bats and a rat.

Vanquished Creatures
  A dart slug (D:1)
  A leopard gecko (D:1)
  A ball python (D:2)
  4 bats (D:1)
  6 goblins
  A hobgoblin (D:3)
  3 kobolds (D:1)
  2 frilled lizards (D:2)
  5 rats
24 creatures vanquished.

Notes
Turn   | Place    | Note
-------+----------+-------------------------------------------
     0 | D:1      | Peloso the Minotaur Fighter began the quest for the Orb.
     0 | D:1      | Reached XP level 1. HP: 19/19 MP: 0/0
   283 | D:1      | Reached XP level 2. HP: 27/27 MP: 1/1
   709 | D:2      | Found a sacrificial altar of Ru.
   801 | D:2      | Found a faded altar of an unknown god.
   820 | D:2      | Found a glowing golden altar of the Shining One.
  1385 | D:3      | Noticed Robin
  1392 | D:3      | HP: 1/27 [goblin[Robin] (5)]
  1392 | D:3      | Reached XP level 3. HP: 2/33 MP: 2/2
  1393 | D:3      | Slain by a bat

Skill      XL: |  1  2 |
---------------+-------+-----
Armour         | 4 |  4.1
Fighting       | 4 |  4.0
Shields        | 4 |  4.0
Long Blades    | 3 |  3.0

Action                   || total
-------------------------++-------
Melee: Long sword        ||    56
       Headbutt          ||     8
  Eat: Chunk             ||     1
Armor: Scale mail        ||    35
Dodge: Dodged            ||    29
Block: Shield            ||    54
       Rpst.: Long sword ||     7
